Unix NetHack Version 3.7.0-58 Work-in-progress - last build May 9 2022 01:57:28 (68cf6e19034123fb635188453c0de67a0aba65fd,branch:master). Game began 2022-05-13 07:28:50, ended 2022-05-13 08:02:24. Arasaka, neutral female gnomish Healer ---- ---- |..---- ....-- --- --##-.....| -- #* ---- -.....| --.---##-----.........| --.-## --------- ...|.-----.....^-----...--........|...-..-- -..>-#-- |.(.....--------- ......--...................-------|..|..-- ..*^..0. |..----.........----...........----...--.....--- ---|.-- ........ |.-- -------.........---......| --...........| |.| ....).... |)---- --.-------- |..--..| |......)....| |.--- .*.....- |..|.---- --- -------- --..---.....-- |...--....).-- --......| |...| |....-- --...........| ---......-- |..-| ---..| --..--.......-- |..<......-- |...| ---- |..--|....... --..........-- .@.- |..| |...... |............--- ... |..| --... |..............| -..- -.. ..............| |..... ..---..|...--- --.-- - ---- ..| --- Arasaka the Rhizotomist St:11 Dx:9 Co:16 In:9 Wi:15 Ch:15 Neutral Dlvl:4 $:1950 HP:0(14) Pw:7(7) AC:5 Xp:1/13 T:2814 Latest messages: You hear an E note squeak in the distance. Your lamp called oil seems about to go out. You hear some noises in the distance. The newt bites! You see here an arrow. An arrow shoots out at you! An arrow misses you. You see here a runed dagger. Click! You trigger a rolling boulder trap! You are hit by a boulder. You don't find anything here to loot. In what direction? There is an arrow trap here. You see here 2 arrows. An arrow shoots out at you! An arrow misses you. The newt misses! You see here a runed dagger. The newt bites! Your lamp called oil has gone out. You see here a stone called luck. You descend the stairs. Q - a food ration. You climb up the stairs. What do you want to use or apply? [chlpFJKNU or ?*] This lamp called oil has no oil. What do you want to write with? [- ahorDJ-NRUV or ?*] You write in the dust with your fingertip. There is a staircase down to level 5 here. Something is written here in the dust. You read: "Elbereth". Click! The gecko triggers a rolling boulder trap. The boulder hits the gecko! The gecko is killed! Something is written here in the dust. You read: "?|bcrcth". With great effort you move the boulder. There is an arrow trap here. An arrow shoots out at you! You are hit by an arrow! There is a newt corpse here; eat it? [ynq] (n) Blecch! Rotten food! What do you want to use or apply? [chlpFJKNU or ?*] This lamp called oil has no oil. You hear crashing rock. You stop. The gnome is in the way! You swap places with the peaceful gnome. Click! You trigger a rolling boulder trap! You are hit by a boulder! You die... Major events: Turn 1: Arasaka the neutral female gnomish Healer entered the dungeon 1552: entered the Gnomish Mines 2814: killed by a boulder Inventory: Coins ('$') $ - 1950 gold pieces Weapons (')') a - an uncursed +0 scalpel D - an uncursed +0 trident Armor ('[') H - an uncursed +0 pair of gauntlets of power b - an uncursed +1 pair of leather gloves (being worn) x - an uncursed +0 cloak of protection (being worn) Comestibles ('%') z - 7 uncursed apples v - an uncursed food ration Q - 3 uncursed food rations Scrolls ('?') S - an uncursed scroll of confuse monster C - an uncursed scroll of create monster G - 2 blessed scrolls of identify q - an uncursed scroll of light T - an uncursed scroll of light Spellbooks ('+') p - an uncursed spellbook of detect food Potions ('!') g - a blessed potion of extra healing f - 3 uncursed potions of extra healing d - 2 uncursed potions of healing E - an uncursed potion of monster detection y - an uncursed potion of water Rings ('=') o - an uncursed ring of slow digestion (on left hand) Wands ('/') K - an uncursed wand of cancellation (0:3) J - an uncursed wand of secret door detection (0:12) U - an uncursed wand of secret door detection (0:10) h - an uncursed wand of sleep (0:6) Tools ('(') F - an uncursed lock pick l - an uncursed oil lamp c - an uncursed stethoscope Gems/Stones ('*') M - an uncursed amber stone r - an uncursed topaz stone V - an uncursed worthless piece of green glass L - 2 uncursed worthless pieces of white glass R - an uncursed worthless piece of yellowish brown glass N - an uncursed luckstone Arasaka the Healer's attributes: Background: You were a Rhizotomist, a level 1 female gnomish Healer. You were neutral, on a mission for Hermes who was opposed by Athena (lawful) and Poseidon (chaotic). You were in the Gnomish Mines, on level 4. You entered the dungeon 2814 turns ago. Bad things happened on Friday the 13th. You had 13 experience points, 7 more were needed to attain level 2. Basics: You had 0 out of 14 hit points. You had all 7 energy points (spell power). Your armor class was 5. Your wallet contained 1950 zorkmids. Autopickup was on for '$"?' plus thrown, with exceptions. Final Characteristics: Your strength was 11 (limit:18/50). Your dexterity was 9 (limit:18). Your constitution was 16 (limit:18). Your intelligence was 9 (limit:19). Your wisdom was 15 (limit:18). Your charisma was 15 (limit:18). Final Status: You were not hungry. You were unencumbered. You were empty handed. You were unskilled in bare handed combat. Final Attributes: You were fervently aligned. You were poison resistant. You had infravision. You had slower digestion. You were protected. You were lucky. You had extra luck. Bad luck did not time out for you. Good luck did not time out for you. You are dead. Miscellaneous: You disabled loading of bones levels. Total elapsed playing time was 31 minutes and 58 seconds. Vanquished creatures: 2 acid blobs 2 hobbits 2 giant rats 3 yellow molds a green mold a gnome 2 geckos 5 jackals 4 foxes 7 goblins 2 sewer rats 14 grid bugs 2 lichens a kobold zombie 8 newts 56 creatures vanquished. No species were genocided or became extinct. Voluntary challenges: You read items or engraved 9 times. You engraved Elbereth 4 times. You never genocided any monsters. You never polymorphed an object. You never changed form. You used no wishes. Achievements: You entered a shop. You entered the Gnomish Mines. The Dungeons of Doom: levels 1 to 5 Level 1: An altar to Hermes, a fountain. Level 2: "BOOKS" A general store, an altar, a fountain, a grave. Level 3: Many fountains. Stairs down to The Gnomish Mines. Level 4: An altar to Hermes. Level 5: The Gnomish Mines: levels 4 to 5 Level 4: <- You were here. Final resting place for you, killed by a boulder. Level 5: Game over: ---------- / \ / REST \ / IN \ / PEACE \ / \ | Arasaka | | 1950 Au | | killed by a | | boulder | | | | | | 2022 | *| * * * | * _________)/\\_//(\/(/\)/\//\/|_)_______ Goodbye Arasaka the Healer... You died in The Gnomish Mines on dungeon level 4 with 538 points, and 1950 pieces of gold, after 2814 moves. You were level 1 with a maximum of 14 hit points when you died.